 Dungeon Crawl Stone Soup version 0.29-a0-91-gdebf4667c2 (webtiles) character file.

Game seed: 384240908194034366

7154 Gildeon the Cleaver (level 10, -7/81 HPs)
             Began as a Minotaur Fighter on Feb 7, 2022.
             Was a Believer of Qazlal.
             Mangled by Erolcha (9 damage)
             ... on level 9 of the Dungeon.
             The game lasted 00:21:19 (10353 turns).

Gildeon the Cleaver (Minotaur Fighter)             Turns: 10353, Time: 00:21:19

Health: -7/81      AC: 15    Str: 26    XL:     10   Next: 86%
Magic:  14/14      EV:  8    Int:  5    God:    Qazlal [**....]
Gold:   479        SH: 14    Dex:  9    Spells: 15/15 levels left

rFire   . . .      SeeInvis .   a - +0 war axe (venom)
rCold   + . .      Faith    .   s - +2 kite shield
rNeg    + . .      Spirit   .   u - +3 chain mail {rC+}
rPois   .          Reflect  .   (helmet restricted)
rElec   .          Harm     .   f - +0 cloak
rCorr   .          Rampage  .   (no gloves)
Will    +....                   h - +0 pair of boots
Stlth   ..........              (no amulet)
HPRegen 0.23/turn               t - ring of positive energy
MPRegen 0.14/turn               B - ring of willpower

@: no status effects
A: horns 2, retaliatory headbutt
a: Renounce Religion, Upheaval


You were on level 9 of the Dungeon.
You worshipped Qazlal.
Qazlal was pleased with you.
You visited 2 branches of the dungeon, and saw 10 of its levels.

You collected 479 gold pieces.

Inventory:

Hand Weapons
 a - a +0 war axe of venom (weapon)
 q - the +8 hand axe of Propriety {antimagic, *Rage rElec rC+ rN+++}
   (You found it on level 8 of the Dungeon)

   It reduces the magical energy of the wielder, and disrupts the spells and
   magical abilities of those it strikes.
   Natural abilities and divine invocations are not affected.
   rC:        It protects you from cold.
   rElec:     It insulates you from electricity.
   rN:        It renders you almost immune to negative energy.
   *Rage:     It berserks you when you make melee attacks (+20% chance).
 v - a +1 hand axe of flaming
Armour
 f - a +0 cloak (worn)
 h - a +0 pair of boots (worn)
 s - a +2 kite shield (worn)
 u - a +3 chain mail of cold resistance (worn)
Jewellery
 t - a ring of positive energy (left hand)
 x - a ring of resist corrosion
 B - a ring of willpower (right hand)
Wands
 l - a wand of digging (4)
 o - a wand of charming (16)
 w - a wand of flame (10)
 y - a wand of acid (12)
Scrolls
 b - a scroll of brand weapon
 g - a scroll of silence
 j - a scroll of teleportation
Potions
 c - a potion of haste
 d - a potion of might
 e - 3 potions of curing
 i - 2 potions of flight
 k - 2 potions of cancellation
 m - a potion of brilliance
 n - a potion of attraction {unknown}
 p - a potion of degeneration {unknown}
 r - a potion of heal wounds


   Skills:
 - Level 5.0 Fighting
 * Level 14.0 Axes
 - Level 5.0 Armour
 - Level 5.0 Dodging
 + Level 7.1 Shields
 + Level 3.3 Spellcasting
 - Level 5.0 Invocations
 + Level 4.4 Evocations


You had 15 spell levels left.
You didn't know any spells.
Your spell library contained the following spells:

 Spells                   Type           Power      Damage    Failure   Level
 Beastly Appendage        Tmut           0%         N/A       99%         1
 Sublimation of Blood     Necr           0%         N/A       100%        2
 Wereblood                Tmut           0%         N/A       100%        2
 Frozen Ramparts          Ice            0%         1d2       100%        3
 Spider Form              Tmut/Pois      0%         N/A       100%        3
 Stone Arrow              Conj/Erth      0%         3d7       100%        3
 Animate Armour           Summ/Erth      0%         N/A       100%        4
 Fulminant Prism          Conj/Hex       0%         3d6       100%        4
 Ice Form                 Ice/Tmut       0%         N/A       100%        4
 Iskenderun's Mystic Bla  Conj/Tloc      0%         2d3       100%        4
 Summon Ice Beast         Ice/Summ       0%         N/A       100%        4
 Lee's Rapid Deconstruct  Erth           0%         3d5*      100%        5
 Summon Hydra             Summ           0%         N/A       100%        7
 Lehudib's Crystal Spear  Conj/Erth      0%         10d2      100%        8


Dungeon Overview and Level Annotations

Branches:
Dungeon (9/15)             Temple (1/1) D:4
   Lair: D:8-11         Orc: D:9-12

Altars:
Ashenzari
Cheibriados
Dithmenos
Fedhas
Gozag
Hepliaklqana
Kikubaaqudgha
Makhleb
Nemelex Xobeh
Okawaru
Qazlal
Ru
Trog
Uskayaw
Vehumet
Wu Jian
Xom
Yredelemnul
Zin

Shops:
D:8 *   D:9 (

Annotations:
D:3 2 transporters, sn0wgr3's ghost, amateur MiFi
D:8 exclusion: oklob plant
D:9 Erolcha


Innate Abilities, Weirdness & Mutations

You have a pair of horns on your head.
You reflexively headbutt those who attack you in melee.


Message History

You barely miss the kobold demonologist.
Your headbutt misses the kobold demonologist.
The kobold demonologist is lightly wounded.
You hit the quasit.
The quasit is poisoned.
The kobold demonologist hits you but does no damage.
The quasit bites you but does no damage.
The quasit claws you but does no damage.
You block the quasit's attack.
You slash the kobold demonologist!
The kobold demonologist looks as sick as possible!
Your headbutt misses the kobold demonologist.
The kobold demonologist is moderately wounded.
You hit something but do no damage. You slash the quasit!
You kill the quasit!
The quasit disappears in a puff of smoke!
The kobold demonologist hits you but does no damage.
Something hits you!
* * * LOW HITPOINT WARNING * * *
You block the ufetubus's attack. x2
You barely miss the kobold demonologist.
The kobold demonologist is heavily wounded.
You barely miss the ufetubus. You barely miss something.
You block the ufetubus's attack.
The ufetubus hits you but does no damage.
The kobold demonologist hits you with a +0 dagger.
* * * LOW HITPOINT WARNING * * *
Something hits you.
* * * LOW HITPOINT WARNING * * *
You hit the kobold demonologist.
The kobold demonologist looks as sick as possible!
You headbutt the kobold demonologist!
The kobold demonologist is almost dead.
You closely miss something. You hit the ufetubus but do no damage.
The ufetubus is poisoned.
You kill the kobold demonologist!
Qazlal accepts your kill.
The ufetubus disappears in a puff of smoke!
The iron imp disappears in a puff of smoke!
Something hits you!
You die...

#..### # ...... ..
#.... ...######
#.... ........#
#.... .......§#
#.... .....K§F#
#.... #@# #....
#{############.###
#...........(..#
#..............#
#.##########...#
#.# ####### #.#
#≈..∩. #.# #..≈≈≈
#.# #.≈≈≈≈


You could see a bullfrog and a kobold.

Vanquished Creatures
  A hydra (D:6)
  Pikel (D:5)
  Maurice (D:8)
  3 kobold demonologists (D:9)
  Prince Ribbit (D:8)
  5 slime creatures (D:9)
  A shadow (D:9)
  A wyvern (D:9)
  Menkaure (D:5)
  A steam dragon (D:7)
  A water moccasin (D:8)
  2 ice beasts (D:5)
  A black bear (D:5)
  3 orc warriors
  2 sky beasts
  3 ogres
  3 centaurs
  4 lemures (D:5)
  2 kobold brigands
  5 bullfrogs
  2 scorpions
  A wyvern zombie (D:7)
  2 elf skeletons (D:8)
  A water moccasin skeleton (D:5)
  5 killer bees
  3 centaur zombies
  A bullfrog zombie (D:5)
  5 hounds
  2 jellies
  A human zombie (D:8)
  5 orc priests
  A bullfrog skeleton (D:6)
  2 gnoll shamans
  3 iguanas
  Ijyb (D:5)
  6 orc wizards
  A hound skeleton (D:3)
  10 gnolls
  A howler monkey skeleton (D:6)
  6 adders
  A river rat (D:6)
  2 shadow imps (D:6)
  2 white imps
  2 ufetubi (D:6)
  An adder zombie (D:5)
  An adder skeleton (D:4)
  2 worms (D:2)
  3 dart slugs
  20 orcs
  4 bats
  6 endoplasms
  7 giant cockroaches
  6 goblins
  6 hobgoblins
  4 jackals (D:3)
  17 kobolds
  5 quokkas
  14 ball pythons
  3 frilled lizards
  An orc skeleton (D:8)
  2 orc zombies (D:8)
  8 rats
218 creatures vanquished.

Vanquished Creatures (others)
  5 bushes (D:9)
  16 fungi (D:9)
  8 plants (D:9)
29 creatures vanquished.

Grand Total: 247 creatures vanquished

Notes
Turn   | Place    | Note
-------+----------+-------------------------------------------
     0 | D:1      | Gildeon the Minotaur Fighter began the quest for the Orb.
     0 | D:1      | Reached XP level 1. HP: 19/19 MP: 0/0
    24 | D:1      | Reached skill level 3 in Axes
   366 | D:1      | Reached XP level 2. HP: 25/26 MP: 1/1
   498 | D:1      | Found a faded altar of an unknown god.
   829 | D:1      | Reached skill level 4 in Axes
  1038 | D:2      | Reached XP level 3. HP: 23/31 MP: 2/2
  1424 | D:2      | Reached skill level 5 in Axes
  1781 | D:3      | Reached XP level 4. HP: 36/39 MP: 3/3
  1805 | D:3      | Found a sacrificial altar of Ru.
  2184 | D:3      | Found a transporter.
  2184 | D:3      | Noticed sn0wgr3's ghost (amateur MiFi)
  2187 | D:3      | Found a transporter.
  2229 | D:3      | Reached skill level 6 in Axes
  2264 | D:3      | Reached XP level 5. HP: 30/45 MP: 4/4
  2596 | D:3      | Reached skill level 7 in Axes
  3129 | D:4      | Reached XP level 6. HP: 50/51 MP: 5/5
  3394 | D:4      | Reached skill level 8 in Axes
  3399 | D:4      | Reached skill level 1 in Dodging
  3529 | D:4      | Found a stormy altar of Qazlal.
  3538 | D:4      | Became a worshipper of Qazlal Stormbringer
  3558 | D:4      | Found a staircase to the Ecumenical Temple.
  3606 | Temple   | Entered the Ecumenical Temple
  4018 | D:5      | Entered Level 5 of the Dungeon
  4045 | D:5      | Noticed Ijyb
  4052 | D:5      | Killed Ijyb
  4120 | D:5      | Noticed an ice beast
  4135 | D:5      | Killed an ice beast
  4136 | D:5      | Reached XP level 7. HP: 42/59 MP: 6/6
  4653 | D:5      | Noticed Pikel
  4767 | D:5      | Killed Pikel
  4768 | D:5      | Reached skill level 5 in Fighting
  4768 | D:5      | Reached skill level 10 in Axes
  4768 | D:5      | Reached skill level 5 in Armour
  4768 | D:5      | Reached XP level 8. HP: 17/68 MP: 7/7
  5010 | D:5      | Found a broken altar of Ashenzari.
  5058 | D:5      | Found a shadowy altar of Dithmenos.
  5183 | D:5      | Noticed Menkaure
  5196 | D:5      | Killed Menkaure
  5688 | D:5      | Reached skill level 11 in Axes
  5750 | D:5      | Reached skill level 5 in Dodging
  5752 | D:5      | Found a sparkling altar of Nemelex Xobeh.
  5949 | D:6      | Found a radiant altar of Vehumet.
  5999 | D:6      | Noticed a four-headed hydra
  6026 | D:6      | Killed a four-headed hydra
  6027 | D:6      | Reached skill level 1 in Spellcasting
  6027 | D:6      | Reached skill level 1 in Evocations
  6027 | D:6      | Reached XP level 9. HP: 14/74 MP: 7/9
  6611 | D:6      | Reached skill level 12 in Axes
  6895 | D:6      | Identified the +2 robe of Exclusion {Stlth+}
  7227 | D:6      | Reached * piety under Qazlal
  7347 | D:7      | Reached skill level 5 in Shields
  7374 | D:7      | Found a shimmering altar of Xom.
  8170 | D:7      | Found a hide-covered altar of Uskayaw.
  8212 | D:8      | Found Gozag's Platinum Reserve.
  8212 | D:8      | Found an opulent altar of Gozag.
  8285 | D:8      | Reached XP level 10. HP: 81/81 MP: 12/12
  8327 | D:8      | Reached ** piety under Qazlal
  8524 | D:8      | Noticed Prince Ribbit
  8557 | D:8      | Killed Prince Ribbit
  8558 | D:8      | Reached skill level 13 in Axes
  8923 | D:8      | Found a sand-covered staircase.
  9083 | D:8      | Identified the +8 hand axe of Propriety {antimagic, *Rage
                  | rElec rC+ rN+++}
  9100 | D:8      | Noticed Maurice
  9143 | D:8      | Killed Maurice
  9319 | D:8      | Found a blossoming altar of Fedhas.
  9335 | D:8      | Noticed an oklob plant
 10210 | D:9      | Found Gugaerush's Weapon Emporium.
 10331 | D:9      | Noticed an orange demon
 10334 | D:9      | Noticed Erolcha
 10345 | D:9      | Reached skill level 14 in Axes
 10345 | D:9      | Reached skill level 5 in Invocations
 10352 | D:9      | HP: 2/81 [something (6)]
 10353 | D:9      | Mangled by Erolcha

Illustrated notes

Levels and vault maps discovered:
D:1:      dpeg_arrival_simpleton_c, layout_basic,
          chequers_ecumenical_altar_twisty
D:2:      layout_basic, chequers_serial_rivers_small_b, minmay_distorted
D:3:      minmay_general_purpose_star, layout_loops_corners,
          nicolae_ru_path_of_blood, gammafunk_ghost_arena,
          kennysheep_generic_room_15
D:4:      minmay_octagon_keep, layout_cave_pools, lemuel_round_altar,
          minmay_temple_entry_butterflies
D:5:      layout_loops_ring, nicolae_dithmenos_through_a_glass_darkly,
          lemuel_tele_altar, nemelex_dance_club_becter,
          chequers_serial_rivers_small_b, amcnicky_mini_rare_corridor_liquid,
          hangedman_decor_growths, uniq_pikel, uniq_menkaure, uniq_ijyb
D:6:      layout_basic, nicolae_vehumet_altar_sigil, gup_sewer_entry_spiral,
          minmay_quadrilaterals
D:7:      layout_rooms, lemuel_coloured_pillars_altar, xom_teletrap_fun
D:8:      layout_rooms, tgw_fedhas, nicolae_gozag_zags_fifth_avenue,
          nicolae_ossuary_entry_catacombs, kennysheep_another_room,
          uniq_prince_ribbit1, uniq_maurice
D:9:      layout_small_grid, mainiacjoe_overflow_cross_hatched,
          grunt_lair_entry_orc_guard_hut, enter_bailey_7, serial_shops,
          nicolae_lakefront_shop, grunt_ministairs_7, uniq_erolcha
Temple:   jpeg_temple_island

Skill      XL: |  1  2  3  4  5  6  7  8  9 10 |
---------------+-------------------------------+-----
Axes           | 3 4 5 6 7 8 10 11 12 14 | 14.0
Dodging        | 1 3 5 |  5.0
Fighting       | 4 5 |  5.0
Armour         | 4 5 |  5.0
Shields        | 4 5 7 |  7.1
Spellcasting   | 1 2 3 |  3.3
Invocations    | 2 3 5 |  5.0
Evocations     | 1 3 4 |  4.4

Action                   |  1- 3 |  4- 6 |  7- 9 | 10-12 || total
-------------------------+-------+-------+-------+-------++-------
Melee: War axe           |    84 |   126 |   284 |   169 ||   663
       Headbutt          |     4 |    19 |    50 |    29 ||   102
       Whip              |       |       |    15 |       ||    15
  Use: Scroll            |       |     4 |    10 |     3 ||    17
       Potion            |       |       |     3 |       ||     3
Armor: Scale mail        |    32 |       |       |       ||    32
       Chain mail        |     2 |    68 |   136 |    93 ||   299
Dodge: Dodged            |    39 |    30 |    86 |    39 ||   194
Block: Buckler           |    17 |    19 |       |       ||    36
       Kite shield       |       |    40 |   164 |   115 ||   319

Table legend: (Time is in decaauts)
 A = Elapsed time spent in this place.
 B = Non-inter-level travel time spent in this place.
 C = Inter-level travel time spent in this place.
 D = Time resting spent in this place.
 E = Time spent auto-exploring this place.
 F = Levels seen in this place.
 G = Mean time per level.
                   A        B        C        D        E       F      G
               +--------+--------+--------+--------+--------+-----+--------+
         Total |  10526 |  10183 |    343 |    438 |   7892 |  10 | 1052.6 |
       Dungeon |  10294 |   9978 |    316 |    438 |   7691 |   9 | 1143.8 |
        Temple |    232 |    205 |     27 |      0 |    200 |   1 |  232.0 |
               +--------+--------+--------+--------+--------+-----+--------+

Top non-repeatable levels by time:
     D:5: 1864 daAuts
     D:6: 1789 daAuts
     D:8: 1606 daAuts
     D:3: 1268 daAuts
     D:1: 995 daAuts
     D:4: 926 daAuts
     D:2: 696 daAuts
     D:7: 612 daAuts
     D:9: 534 daAuts
  Temple: 232 daAuts
